 Dungeon Crawl Stone Soup version 0.19.1 (webtiles) character file.

7028 CanadianGator the Blocker (level 11, -2/95 HPs)
             Began as a Formicid Fighter on Dec 21, 2016.
             Was a Believer of Elyvilon.
             Slain by an iguana (4 damage)
             ... on level 9 of the Dungeon.
             The game lasted 00:35:30 (9344 turns).

CanadianGator the Blocker (Formicid Fighter)        Turns: 9344, Time: 00:35:32

Health: -2/95      AC: 21    Str: 24    XL:     11   Next: 29%
Magic:  12/12      EV: 10    Int:  6    God:    Elyvilon [**....]
Gold:   595        SH: 14    Dex: 23    Spells: 0 memorised, 10 levels left

rFire  + . .     SeeInvis +     I - +1 spear "Widowmaker" {venom, Str+3} (curse)
rCold  x . .     Gourm    .     i - +0 plate armour
rNeg   . . .     Faith    .     c - +1 shield
rPois  .         Spirit   .     (helmet unavailable)
rElec  .         Reflect  .     j - +0 cloak
rCorr  .         Harm     .     (no gloves)
MR     +....                    t - +2 pair of boots
Stlth  ..........               J - amulet "Wytyuted" {Inacc MR- Int-2 Dex+8 SInv}
                                u - ring of fire
                                o - ring of protection from magic

@: no status effects
A: permanent stasis, dig shafts and tunnels, four strong arms, antennae 3, claws
1, slimy green scales 1, agile 1, robust 1, shaggy fur 1, wild magic 1,
MP-powered wands
a: Dig, Shaft Self, Lesser Healing, Heal Other, Divine Protection, Renounce
Religion


You were on level 9 of the Dungeon.
You worshipped Elyvilon.
Elyvilon was pleased with you.
You were not hungry.

You visited 2 branches of the dungeon, and saw 10 of its levels.
You also visited: Sewer.

You collected 595 gold pieces.

Inventory:

Hand Weapons
 a - a +1 quarterstaff
 g - a +0 flail
 l - a +0 halberd
 v - a +0 spear of piercing
 I - the cursed +1 spear "Widowmaker" (weapon) {venom, Str+3}
   (You found it on level 8 of the Dungeon)

   It poisons the flesh of those it strikes.
   It affects your strength (+3).
   It has a curse placed upon it.
 L - the +5 flail of Imminent Death {freeze, rElec MR+ Str-3, unknown}
   (You found it on level 9 of the Dungeon)

   It has been specially enchanted to freeze those struck by it, causing extra
   injury to most foes and up to half again as much damage against particularly
   susceptible opponents.
   It can also slow down cold-blooded creatures.
   It affects your strength (-3).
   It insulates you from electricity.
   It affects your resistance to hostile enchantments.
Armour
 c - a +1 shield (worn)
 i - a +0 plate armour (worn)
 j - a +0 cloak (worn)
 k - a +0 pair of gloves
 t - a +2 pair of boots (worn)
 y - a +1 ring mail of cold resistance
Jewellery
 n - an uncursed amulet of regeneration
 o - a ring of protection from magic (left claw)
 u - a ring of fire (right claw)
 x - an uncursed ring of magical power
 B - the ring of Duevin {rCorr rC+ Str-4 SInv}
   (You found it on level 7 of the Dungeon)

   [ring of resist corrosion]

   It affects your strength (-4).
   It protects you from cold.
   It lets you see invisible.
 J - the amulet "Wytyuted" (around neck) {Inacc MR- Int-2 Dex+8 SInv}
   (You found it on level 8 of the Dungeon)

   [amulet of inaccuracy]

   It reduces the accuracy of all your attacks.
   It affects your intelligence (-2).
   It affects your dexterity (+8).
   It affects your resistance to hostile enchantments.
   It lets you see invisible.
Wands
 z - a wand of flame (0/48)
 F - a wand of lightning (3/15)
Scrolls
 b - a scroll of enchant armour
 e - 2 scrolls of fear
 s - 3 scrolls of remove curse
 w - 3 scrolls of recharging
Potions
 m - a potion of flight {unknown}
 A - a potion of cure mutation {unknown}
 C - a potion of berserk rage {unknown}
 D - a potion of degeneration {unknown}
 E - a potion of cancellation {unknown}
 H - a potion of ambrosia {unknown}
 M - a potion of might
 N - a potion of invisibility
Books
 K - Sif Muna's Catalogue of Curses
   (You found it on level 8 of the Dungeon)

   Spells                             Type                      Level
   a - Confusing Touch                Hexes                        1
Comestibles
 f - 3 bread rations
 h - 2 meat rations
 p - 8 fruits
 r - a slice of pizza


   Skills:
 + Level 8.3 Fighting
 + Level 4.6(6.6) Maces & Flails
 + Level 4.4(6.5) Polearms
 + Level 7.3(8.5) Staves
 + Level 8.2 Armour
 + Level 4.4 Dodging
 * Level 9.5 Shields
 + Level 2.2 Invocations
 + Level 2.2 Evocations


You had 10 spell levels left.
You didn't know any spells.

Dungeon Overview and Level Annotations

Branches:
Dungeon (9/15)             Temple (1/1) D:7            Lair (0/6) D:9
    Orc: D:9-12

Altars:
Ashenzari
Cheibriados
Dithmenos
Elyvilon
Fedhas
Gozag
Hepliaklqana
Kikubaaqudgha
Makhleb
Nemelex Xobeh
Okawaru
Qazlal
Ru
Sif Muna
Trog
Uskayaw
Vehumet
Xom
Yredelemnul
Zin
The Shining One

Annotations:
D:9 Meow's ghost, novice GrCj


Innate Abilities, Weirdness & Mutations

You are under a permanent stasis effect.
You can dig through walls and to a lower floor.
Your four strong arms can wield two-handed weapons with a shield.
You have a pair of large antennae on your head. (SInv)
You have sharp fingernails.
You are partially covered in slimy green scales. (AC +2)
You are agile. (Dex +2)
You are robust. (+10% HP)
You are covered in fur. (AC +1)
Your spells are a little harder to cast, but a little more powerful.
You expend magic power (3 MP) to strengthen your wands.


Message History

You block the iguana's attack.
You feel better. Meow's ghost hits you.
* * * LOW HITPOINT WARNING * * *
The iguana closely misses you.
You hit the iguana but do no damage.
The iguana looks even sicker.
The iguana is heavily wounded.
You miss Meow's ghost.
Meow's ghost is heavily damaged.
Meow's ghost points at you and mumbles some strange words.
The magic dart hits you!
* * * LOW HITPOINT WARNING * * *
You block the iguana's attack.
You closely miss Meow's ghost.
Meow's ghost is heavily damaged.
Meow's ghost shouts, "You must not fail where I succeeded!"
Meow's ghost hits you but does no damage.
You are electrocuted!
* * * LOW HITPOINT WARNING * * *
The iguana bites you.
You die...

##..P.†....#####,,,,,,,,,,,* *,,
##.....................$..,* **,,
#.....>...................,* *,,,
#..........####...........,***,,,
........P..# #.,,.........,,,*,,,
..#..P....####..*.>.......,,,,,,,
.##..P....# #..#*#........,,,,,,,
####.....####..###........***,,,*
# ##...####...W@l........**,,,**
# #....##..............#*,,,**
#####.....................,,,**
....................####..,,**
..................### **.,,,**
###...>...........###***,,,,,,**
# #....[.......$.......,,,,,,,,**
##.........!.........,,,,,,,,,,
#...................,,,,,***,,


You could see an iguana and Meow's ghost.

Vanquished Creatures
  The ghost of CanadianGator the Shield-Bearer, a novice FoFi of Elyvilon (D:6)
  Joseph (D:7)
  An elephant (D:9)
  The ghost of Darkmans the Covert, a novice SpAs (D:5)
  4 hippogriffs (D:8)
  Sigmund (D:3)
  5 yaks (D:6)
  Eustachio (D:6)
  Edmund (D:6)
  Duvessa (D:6)
  Purgy (Sewer)
  5 sky beasts
  3 phantoms
  2 ice beasts
  2 orc warriors
  2 necrophages
  3 ogres
  6 centaurs
  2 big kobolds
  3 bullfrogs
  Dowan (D:6)
  4 scorpions
  2 howler monkeys (D:4)
  A centaur zombie (D:5)
  A crimson imp (D:9)
  2 bullfrog skeletons
  4 orc priests
  9 orc wizards
  4 iguanas
  Jessica (D:2)
  5 worker ants
  13 gnolls
  10 adders
  A shadow imp (D:7)
  An ooze (D:1)
  An adder zombie (D:5)
  4 worms
  2 leopard geckos
  26 orcs
  10 bats
  6 giant cockroaches
  4 goblins
  3 hobgoblins
  14 jackals
  9 kobolds
  5 quokkas
  12 frilled lizards
  A jackal skeleton (D:4)
  A leopard gecko skeleton (D:7)
  8 rats
211 creatures vanquished.

Notes
Turn   | Place    | Note
-------+----------+-------------------------------------------
     0 | D:1      | CanadianGator the Formicid Fighter began the quest for the Orb.
     0 | D:1      | Reached XP level 1. HP: 18/18 MP: 1/1
   258 | D:1      | Reached XP level 2. HP: 13/24 MP: 2/2
   566 | D:1      | Reached skill level 4 in Shields
   621 | D:1      | Reached XP level 3. HP: 16/29 MP: 3/3
  1019 | D:2      | Reached XP level 4. HP: 37/37 MP: 4/4
  1044 | D:2      | Reached skill level 1 in Dodging
  1174 | D:2      | Noticed Jessica
  1182 | D:2      | Killed Jessica
  1182 | D:2      | Reached XP level 5. HP: 37/42 MP: 5/5
  1212 | D:2      | Found a shadowy altar of Dithmenos.
  1212 | D:2      | Found a hazy altar of Hepliaklqana.
  1369 | D:2      | Found a shimmering altar of Xom.
  1369 | D:2      | Found a snail-covered altar of Cheibriados.
  1370 | D:2      | Found a blossoming altar of Fedhas.
  1780 | D:3      | Noticed Sigmund
  1803 | D:3      | Killed Sigmund
  1803 | D:3      | Reached skill level 1 in Maces & Flails
  1803 | D:3      | Reached skill level 1 in Polearms
  1803 | D:3      | Reached XP level 6. HP: 49/49 MP: 6/6
  2006 | D:3      | Reached skill level 5 in Shields
  2840 | D:4      | Reached XP level 7. HP: 24/55 MP: 7/7
  3112 | D:4      | Found a glowing drain.
  3117 | Sewer    | Entered a sewer
  3144 | Sewer    | Noticed Purgy
  3178 | Sewer    | Killed Purgy
  3178 | Sewer    | Reached skill level 5 in Fighting
  3178 | Sewer    | Reached skill level 5 in Armour
  3672 | D:4      | Reached XP level 8. HP: 54/62 MP: 8/8
  3733 | D:4      | Reached skill level 6 in Shields
  3963 | D:5      | Entered Level 5 of the Dungeon
  4006 | D:5      | Gained mutation: You have sharp toenails. [potion of mutation]
  4006 | D:5      | Gained mutation: You are partially covered in slimy green scales. (AC +2) [potion of mutation]
  4010 | D:5      | HP: 3/94 [centaur/arrow (3)]
  4411 | D:5      | Found a basalt altar of Yredelemnul.
  4431 | D:5      | Noticed Darkmans's ghost (novice SpAs)
  4445 | D:5      | Killed Darkmans's ghost
  4690 | D:5      | Reached XP level 9. HP: 64/69 MP: 9/9
  4859 | D:5      | Reached skill level 5 in Staves
  5014 | D:5      | Found a glowing golden altar of the Shining One.
  5117 | D:5      | Noticed an angel
  5128 | D:5      | Became a worshipper of the Shining One
  5139 | D:5      | Noticed a profane servitor
  5187 | D:6      | Noticed Edmund
  5189 | D:6      | Reached skill level 7 in Shields
  5204 | D:6      | Killed Edmund
  5225 | D:6      | Noticed Eustachio
  5253 | D:6      | Killed Eustachio
  5342 | D:6      | Noticed CanadianGator's ghost (novice FoFi)
  5429 | D:6      | Killed CanadianGator's ghost
  5564 | D:6      | Reached XP level 10. HP: 61/79 MP: 10/10
  5582 | D:6      | Reached skill level 8 in Shields
  5798 | D:6      | Noticed Duvessa
  5799 | D:6      | Noticed Dowan
  5835 | D:6      | Killed Duvessa
  5857 | D:6      | Killed Dowan
  6317 | D:6      | Gained mutation: You are agile. (Dex +2) [mutagenic meat]
  6318 | D:6      | Gained mutation: You have sharp fingernails. [mutagenic meat]
  6609 | D:7      | Noticed Joseph
  6645 | D:7      | Killed Joseph
  6943 | D:7      | Reached * piety under the Shining One
  7049 | D:7      | Found a staircase to the Ecumenical Temple.
  7095 | Temple   | Entered the Ecumenical Temple
  7240 | Temple   | Fell from the grace of the Shining One
  7240 | Temple   | Became a worshipper of Elyvilon the Healer
  7404 | D:7      | Got a glittering pewter ring
  7406 | D:7      | Identified the ring of Duevin {rCorr rC+ Str-4 SInv} (You found it on level 7 of the Dungeon)
  7891 | D:8      | Reached skill level 1 in Invocations
  7923 | D:8      | Reached * piety under Elyvilon
  7964 | D:8      | Reached skill level 1 in Evocations
  8084 | D:8      | Reached skill level 9 in Shields
  8098 | D:8      | Reached XP level 11. HP: 81/86 MP: 12/12
  8253 | D:8      | Found a deep blue altar of Sif Muna.
  8299 | D:8      | Got a polished spear
  8300 | D:8      | Identified the cursed +1 spear "Widowmaker" {venom, Str+3} (You found it on level 8 of the Dungeon)
  8384 | D:8      | Got a clouded crystal amulet
  8386 | D:8      | Identified the amulet "Wytyuted" {Inacc MR- Int-2 Dex+8 SInv} (You found it on level 8 of the Dungeon)
  8478 | D:8      | Identified Sif Muna's Catalogue of Curses
  8680 | D:9      | Got a pitted flail
  8741 | D:9      | Noticed an elephant
  8770 | D:9      | Killed an elephant
  9008 | D:9      | Found a staircase to the Lair.
  9047 | D:9      | Reached ** piety under Elyvilon
  9056 | D:9      | Found a hazy altar of Hepliaklqana.
  9091 | D:9      | Gained mutation: You expend magic power (3 MP) to strengthen your wands. [potion of mutation]
  9091 | D:9      | Gained mutation: Your spells are a little harder to cast, but a little more powerful. [potion of mutation]
  9091 | D:9      | Gained mutation: You are robust. (+10% HP) [potion of mutation]
  9229 | D:9      | Lost mutation: You have sharp toenails. [mutagenic meat]
  9231 | D:9      | Gained mutation: You are covered in fur. (AC +1) [mutagenic meat]
  9275 | D:9      | Noticed Meow's ghost (novice GrCj)
  9344 | D:9      | HP: 2/95 [Meow's ghost (20)]
  9344 | D:9      | Slain by an iguana

Skill      XL: |  1  2  3  4  5  6  7  8  9 10 11 |
---------------+----------------------------------+-----
Shields        | 4 5 6 7 9 |  9.5
Dodging        | 1 2 3 4 |  4.4
Armour         | 4 5 6 7 8 |  8.2
Fighting       | 4 5 6 7 8 |  8.3
Maces & Flails | 1 2 3 4 |  4.6
Polearms       | 1 2 3 4 |  4.4
Staves         | 3 4 5 7 |  7.3
Invocations    | 1 2 |  2.2
Evocations     | 1 2 |  2.2

Action                   |  1- 3 |  4- 6 |  7- 9 | 10-12 || total
-------------------------+-------+-------+-------+-------++-------
Melee: Quarterstaff      |    81 |   155 |   409 |   352 ||   997
       Kick              |       |       |    51 |   193 ||   244
       Spear             |       |       |       |   217 ||   217
Invok: Lesser Healing    |       |       |       |     1 ||     1
 Abil: Dig               |     2 |     3 |    10 |    11 ||    26
Evoke: Wand              |       |       |       |     5 ||     5
  Use: Potion            |       |     3 |     9 |     2 ||    14
       Scroll            |       |     3 |     8 |     3 ||    14
  Eat: Chunk             |       |     4 |     6 |    18 ||    28
       Bread ration      |       |     1 |     1 |       ||     2
       Meat ration       |       |       |       |     1 ||     1
Armor: Scale mail        |    49 |    48 |       |       ||    97
       Ring mail         |       |     9 |    94 |       ||   103
       Skin              |       |       |     6 |       ||     6
       Plate armour      |       |       |    74 |   154 ||   228
Dodge: Dodged            |    46 |    36 |   122 |   107 ||   311
Block: Shield            |    54 |    66 |   224 |   276 ||   620
